 Dungeon Crawl Stone Soup version 0.19-a0-459-gb8ed64d (webtiles) character file.

33338 epen the Jinx (level 13, -9/63 (65) HPs)
             Began as a Spriggan Enchanter on June 2, 2016.
             Was an Elder of Dithmenos.
             Mangled by Rupert
             ... wielding a +4 executioner's axe of draining
              (18 damage)
             ... while paralysed by Rupert
             ... on level 5 of the Lair of Beasts.
             The game lasted 01:20:36 (20998 turns).

epen the Jinx (Spriggan Enchanter)                 Turns: 20998, Time: 01:20:36

HP:   -9/63 (65)    AC:  3    Str:  4    XL:     13   Next: 36%
MP:   26/36         EV:  4    Int: 22    God:    Dithmenos [****..]
Gold: 859           SH:  0    Dex: 16    Spells: 5 memorised, 17 levels left

rFire  . . .     SeeInvis +     A - +4 dagger
rCold  . . .     Gourm    .     M - +0 robe (curse)
rNeg   . . .     Faith    .     (shield restricted)
rPois  .         Spirit   .     (helmet restricted)
rElec  .         Dismiss  .     k - +0 cloak
rCorr  .         Reflect  .     (gloves unavailable)
SustAt .         Harm     .     (boots unavailable)
MR     ++...                    z - amulet of rage
Stlth  +++++++++.               E - ring of magical power
                                l - ring of wizardry

@: paralysed, wreathed by umbra, drained, very quick, very resistant to hostile
enchantments, incredibly stealthy
A: unfitting armour, see invisible, herbivore 3, speed 3, slow metabolism 2
a: Shadow Step, Renounce Religion, Evoke Berserk Rage


You were on level 5 of the Lair of Beasts.
You worshipped Dithmenos.
Dithmenos was greatly pleased with you.
You were not hungry.

You visited 3 branches of the dungeon, and saw 16 of its levels.
You also visited: Labyrinth.

You collected 859 gold pieces.

Inventory:

Hand Weapons
 e - a +2 dagger of venom
 A - a +4 dagger (weapon)
Missiles
 t - 4 throwing nets (quivered)
Armour
 k - a +0 cloak (worn)
 M - a cursed +0 robe (worn)
Magical Staves
 I - an uncursed staff of air
 K - an uncursed staff of wizardry
Jewellery
 l - a ring of wizardry (left hand)
 y - an uncursed ring of protection from cold
 z - an amulet of rage (around neck)
 E - a ring of magical power (right hand)
Wands
 r - a wand of iceblast (6/15)
 x - a wand of paralysis (10/24)
 B - a wand of polymorph (17/24)
 C - a wand of digging (6/24)
 L - a wand of digging (13/24)
Scrolls
 g - 3 scrolls of noise
 j - 2 scrolls of enchant weapon
 q - 3 scrolls of fear
 s - 6 scrolls of remove curse
 w - 5 scrolls of teleportation
 G - a scroll of recharging
 H - 2 scrolls of blinking
 Q - a scroll of amnesia
Potions
 i - 7 potions of heal wounds
 m - 2 potions of agility
 n - 2 potions of brilliance
 o - a potion of cure mutation
 u - 4 potions of curing
 v - 2 potions of berserk rage
 D - a potion of cancellation
 F - 3 potions of haste
 O - a potion of lignification
 R - a potion of flight {unknown}
Books
 a - the Tome of Blows and Bruises
   (You found it in a labyrinth)

   Spells                             Type                      Level
   a - Fulminant Prism                Conjuration/Hexes            4
   b - Force Lance                    Conjuration/Translocation    4
   c - Irradiate                      Conjuration/Transmutation    5
 c - the Papyrus of Poisoning and Execration
   (You found it in a labyrinth)

   Spells                             Type                      Level
   a - Inner Flame                    Hexes/Fire                   3
   b - Fulminant Prism                Conjuration/Hexes            4
   c - Poisonous Cloud                Conjuration/Poison/Air       6
 f - a book of the Tempests

   Spells                             Type                      Level
   a - Static Discharge               Conjuration/Air              3
   b - Lightning Bolt                 Conjuration/Air              5
   c - Fireball                       Conjuration/Fire             5
   d - Tornado                        Air                          9
   e - Shatter                        Earth                        9
 h - a book of the Earth

   Spells                             Type                      Level
   a - Leda's Liquefaction            Hexes/Earth                  4
   b - Bolt of Magma                  Conjuration/Fire/Earth       5
   c - Statue Form                    Transmutation/Earth          6
   d - Iron Shot                      Conjuration/Earth            6
   e - Shatter                        Earth                        9
 J - a book of Death

   Spells                             Type                      Level
   a - Corpse Rot                     Necromancy                   2
   b - Sublimation of Blood           Necromancy                   2
   c - Agony                          Necromancy                   5
   d - Dispel Undead                  Necromancy                   5
   e - Excruciating Wounds            Charms/Necromancy            5
   f - Bolt of Draining               Conjuration/Necromancy       5
 N - a Young Poisoner's Handbook

   Spells                             Type                      Level
   a - Sting                          Conjuration/Poison           1
   b - Cure Poison                    Poison                       2
   c - Mephitic Cloud                 Conjuration/Poison/Air       3
   d - Olgreb's Toxic Radiance        Poison                       4
   e - Venom Bolt                     Conjuration/Poison           5
 S - a book of Clouds

   Spells                             Type                      Level
   a - Mephitic Cloud                 Conjuration/Poison/Air       3
   b - Conjure Flame                  Conjuration/Fire             3
   c - Poisonous Cloud                Conjuration/Poison/Air       6
   d - Freezing Cloud                 Conjuration/Ice/Air          6
   e - Ring of Flames                 Charms/Fire                  7
Miscellaneous
 P - a box of beasts
Comestibles
 b - 3 slices of pizza
 d - 6 bread rations
 p - 3 fruits


   Skills:
 + Level 6.5(5.8) Fighting
 + Level 8.6(7.8) Short Blades
 + Level 10.8(10.1) Dodging
 + Level 12.6(11.9) Stealth
 + Level 9.6(8.9) Spellcasting
 + Level 5.1(4.5) Conjurations
 * Level 13.2(12.4) Hexes
 + Level 5.6(5.0) Ice Magic
 * Level 3.3(2.7) Air Magic
 * Level 3.6(2.9) Invocations


You had 17 spell levels left.
You knew the following spells:

 Your Spells              Type           Power        Failure   Level  Hunger
b - Ensorcelled Hibernat  Hex/Ice        #####.       1%          2    None
c - Confuse               Hex            ######..     1%          3    None
d - Tukima's Dance        Hex            ######..     1%          3    None
e - Dazzling Spray        Conj/Hex       #####.       1%          3    None
f - Static Discharge      Conj/Air       ####....     2%          3    None


Dungeon Overview and Level Annotations

Branches:
Dungeon (10/15)            Temple (1/1) D:6            Lair (5/8) D:8
 Shoals (0/4) Lair:3       Spider (0/4) Lair:4          Orc (0/2) D:9

Altars:
Ashenzari
Cheibriados
Dithmenos
Elyvilon
Fedhas
Gozag
Hepliaklqana
Kikubaaqudgha
Makhleb
Nemelex Xobeh
Okawaru
Pakellas
Qazlal
Ru
Sif Muna
Trog
Uskayaw
Vehumet
Xom
Yredelemnul
Zin
The Shining One

Annotations:
Lair:1 exclusion: oklob plant
Lair:5 Rupert


Innate Abilities, Weirdness & Mutations

You are tiny and cannot use many weapons and most armour.
You have supernaturally acute eyesight. (SInv)
You are a herbivore.
You cover ground extremely quickly.
You need consume almost no food.


Message History

Casting: Dazzling Spray
Confirm with . or Enter, or press ? or * to list all spells.
Aiming: Dazzling Spray
Press: ? - help, Shift-Dir - straight line, f/p - Rupert
Aim: Rupert, wielding an executioner's axe of draining and wearing a runed leather armour (lightly wounded, umbra)
The spray of energy hits Rupert.
Rupert is lightly wounded.
Rupert yells loudly at you.
You suddenly lose the ability to move!
Rupert yells loudly at you.
You easily resist.
Rupert says, "My Mum always said: 'Kill them all.'" Rupert roars madly and goes into a rage!
Rupert goes berserk!
Rupert rages.
Rupert hits you with an executioner's axe of draining!!!
Ouch! That really hurt!
* * * LOW HITPOINT WARNING * * *
You emit a cloud of dark smoke.
You feel drained.
You die...

#.#### #...### ##....#
############P...#########
###.#..#.#.........##..##.###
#####.......#.#........###.....##
....#..........P.÷..>...###......
...............§§.......##......#
...#.PP#.#.....§@@.....##.......#
......P##......§##..............#
.................####..........##
...............÷####.#.P..P...##
......[.....#..P###.#.........#
.#....P.....................#.P#
.#...........>..............####
#.#.#..................÷÷÷..#.#
#..#..............P....÷.....##


You could see Rupert (berserk).

Vanquished Creatures
  A minotaur (Lab)
  2 hydras
  The ghost of Xiguana the Cleaver, a novice HOFi of Okawaru (Lair:1)
  Erolcha (D:10)
  A queen ant (D:8)
  4 death yaks (Lair:3)
  3 unseen horrors
  The ghost of Xiguana the Cleaver, a novice HOFi of Okawaru (D:6)
  5 hill giants (D:10)
  2 black mambas
  3 spiny frogs
  A kobold demonologist (D:10)
  3 komodo dragons
  2 rime drakes
  4 jumping spiders (Lair:4)
  Grinder (D:5)
  A troll (D:9)
  Prince Ribbit (D:6)
  A two-headed ogre (D:10)
  10 blink frogs
  6 redbacks
  A wyvern (D:10)
  6 yaks (D:10)
  5 basilisks
  2 hungry ghosts
  4 hippogriffs
  13 soldier ants (D:8)
  7 water moccasins
  3 ice beasts
  5 porcupines
  7 orc warriors
  6 black bears
  2 sky beasts (D:10)
  6 necrophages (Lair:5)
  A phantom (D:10)
  6 wolves
  5 ogres
  7 centaurs
  7 crocodiles
  9 big kobolds
  6 giant frogs
  5 gnoll sergeants (D:9)
  A water moccasin zombie (D:6)
  A wyvern skeleton (D:8)
  4 scorpions
  A water moccasin skeleton (D:7)
  4 killer bees (D:10)
  2 electric eels (Lair:3)
  2 howler monkeys
  3 giant frog zombies (D:6)
  3 crimson imps
  2 quasits (D:7)
  2 centaur zombies
  20 orc priests
  6 hounds
  2 jellies (D:6)
  A centaur skeleton (D:9)
  5 iguanas
  12 orc wizards
  37 worker ants
  22 sheep (Lair:4)
  A killer bee zombie (D:6)
  2 hound zombies (D:6)
  2 hound skeletons
  2 worker ant zombies (D:5)
  9 gnolls
  19 adders
  2 howler monkey skeletons (D:6)
  46 river rats
  A shadow imp (D:8)
  2 oozes
  4 adder zombies
  5 worms
  2 dart slugs
  2 giant geckos
  48 orcs
  4 ball pythons
  4 giant cockroaches
  10 goblins
  14 hobgoblins
  4 jackals
  8 quokkas
  8 bats
  A giant cockroach zombie (D:6)
  A giant gecko skeleton (D:5)
  A giant gecko zombie (D:6)
  7 giant newts
  2 jackal skeletons
  16 kobolds
  4 quokka zombies
  7 rats
535 creatures vanquished.

Vanquished Creatures (collateral kills)
  2 ogres (D:9)
  A gnoll sergeant (D:9)
  A worker ant (D:8)
  A gnoll (D:9)
5 creatures vanquished.

Vanquished Creatures (others)
  2 dancing weapons (D:9)
  2 soldier ants (D:8)
  A worker ant (D:4)
  A gnoll (D:4)
  A giant gecko (D:8)
  6 fungi
  9 plants
  A withered plant (D:8)
23 creatures vanquished.

Grand Total: 563 creatures vanquished

Notes
Turn   | Place    | Note
--------------------------------------------------------------
     0 | D:1      | epen the Spriggan Enchanter began the quest for the Orb.
     0 | D:1      | Reached XP level 1. HP: 9/9 MP: 5/5
   144 | D:1      | Reached XP level 2. HP: 12/13 MP: 4/6
   148 | D:1      | Learned a level 2 spell: Ensorcelled Hibernation
   248 | D:1      | Reached skill level 4 in Hexes
   267 | D:1      | Reached skill level 1 in Fighting
   688 | D:2      | Found a sacrificial altar of Ru.
   691 | D:2      | Reached XP level 3. HP: 14/18 MP: 8/8
   769 | D:2      | Learned a level 3 spell: Confuse
   966 | D:2      | Reached XP level 4. HP: 19/22 MP: 2/9
  1037 | D:2      | Found a blossoming altar of Fedhas.
  1255 | D:2      | Reached skill level 5 in Stealth
  1649 | D:2      | Reached XP level 5. HP: 25/25 MP: 11/11
  1990 | D:3      | Reached skill level 5 in Hexes
  3502 | D:4      | Noticed an ogre
  3507 | D:4      | Reached XP level 6. HP: 30/30 MP: 13/13
  3612 | D:4      | Learned a level 3 spell: Tukima's Dance
  3616 | D:4      | Learned a level 3 spell: Dazzling Spray
  3972 | D:4      | Found a stormy altar of Qazlal.
  4043 | D:4      | Found a radiant altar of Vehumet.
  4171 | D:5      | Entered Level 5 of the Dungeon
  4244 | D:5      | Reached skill level 6 in Hexes
  4244 | D:5      | Reached XP level 7. HP: 35/35 MP: 13/15
  4397 | D:5      | Found an oddly glowing altar of Pakellas.
  4419 | D:5      | Noticed Grinder
  4905 | D:5      | Killed Grinder
  5532 | D:5      | Reached skill level 5 in Spellcasting
  5678 | D:6      | Reached skill level 1 in Conjurations
  5703 | D:6      | Reached skill level 5 in Dodging
  5703 | D:6      | Reached XP level 8. HP: 39/39 MP: 14/16
  5907 | D:6      | Reached skill level 1 in Ice Magic
  5919 | D:6      | Noticed Prince Ribbit
  5942 | D:6      | Reached skill level 7 in Hexes
  5956 | D:6      | Killed Prince Ribbit
  6076 | D:6      | Found a staircase to the Ecumenical Temple.
  6102 | Temple   | Entered the Ecumenical Temple
  6361 | D:6      | Noticed Xiguana's ghost (novice HOFi)
  6389 | D:6      | Killed Xiguana's ghost
  6464 | D:6      | Reached XP level 9. HP: 44/44 MP: 14/18
  6593 | D:6      | Reached skill level 8 in Hexes
  7116 | D:7      | Found a shimmering altar of Xom.
  7266 | D:7      | Found a hazy altar of Hepliaklqana.
  7515 | D:7      | Reached skill level 5 in Short Blades
  8210 | D:8      | Found a basalt altar of Yredelemnul.
  8537 | D:8      | Reached skill level 9 in Hexes
  8858 | D:8      | Reached XP level 10. HP: 40/50 MP: 20/20
  9273 | D:8      | Noticed a queen ant
  9544 | D:8      | Killed a queen ant
  9544 | D:8      | Reached skill level 10 in Hexes
  9770 | D:8      | Reached skill level 10 in Stealth
  9958 | D:8      | Found a staircase to the Lair.
 10361 | D:9      | Found a shadowy altar of Dithmenos.
 10413 | D:9      | Became a worshipper of Dithmenos the Shadowed
 10571 | D:9      | Reached XP level 11. HP: 37/54 MP: 13/23
 10850 | D:9      | Found a staircase to the Orcish Mines.
 11290 | D:9      | Reached skill level 5 in Fighting
 11382 | D:9      | Reached * piety under Dithmenos
 11766 | D:9      | Found a glowing silver altar of Zin.
 11948 | D:10     | Entered Level 10 of the Dungeon
 11972 | D:10     | Noticed a hill giant
 11977 | D:10     | Noticed an unseen horror
 11980 | D:10     | Killed an unseen horror
 11990 | D:10     | Killed a hill giant
 11990 | D:10     | Reached skill level 11 in Hexes
 12206 | D:10     | Noticed a hill giant
 12212 | D:10     | Killed a hill giant
 12242 | D:10     | Noticed a hill giant
 12243 | D:10     | Noticed Erolcha
 12279 | D:10     | Killed Erolcha
 12300 | D:10     | Killed a hill giant
 12429 | D:10     | Noticed a hill giant
 12511 | D:10     | Killed a hill giant
 12511 | D:10     | Reached ** piety under Dithmenos
 13120 | D:10     | Noticed a hill giant
 13123 | D:10     | Killed a hill giant
 13322 | D:10     | Reached XP level 12. HP: 60/60 MP: 25/25
 13427 | Lair:1   | Entered Level 1 of the Lair of Beasts
 13466 | Lair:1   | Found a labyrinth entrance.
 13475 | Lab      | Entered a labyrinth
 13822 | Lab      | Reached *** piety under Dithmenos
 13822 | Lab      | Reached skill level 5 in Ice Magic
 13825 | Lab      | Reached skill level 12 in Hexes
 13881 | Lab      | Found an exit through the horrors of the Abyss.
 13987 | Lab      | Noticed a minotaur
 13993 | Lab      | Killed a minotaur
 13993 | Lab      | Reached skill level 10 in Dodging
 13998 | Lab      | Identified a +2 rod of shadows (10/10) (You found it in a labyrinth)
 14032 | Lab      | Identified the Tome of Blows and Bruises (You found it in a labyrinth)
 14032 | Lab      | Identified the Papyrus of Poisoning and Execration (You found it in a labyrinth)
 14084 | Lair:1   | Noticed Xiguana's ghost (novice HOFi)
 14119 | Lair:1   | Killed Xiguana's ghost
 15497 | Lair:2   | Learned a level 3 spell: Static Discharge
 15645 | Lair:2   | Noticed a five-headed hydra
 15661 | Lair:2   | Killed a five-headed hydra
 15938 | Lair:3   | Reached skill level 1 in Air Magic
 16083 | Lair:3   | Reached skill level 1 in Invocations
 16101 | Lair:3   | Noticed a death yak
 16102 | Lair:3   | Noticed a death yak
 16104 | Lair:3   | Noticed a death yak
 16107 | Lair:3   | Noticed a death yak
 16159 | Lair:3   | Killed a death yak
 16371 | Lair:3   | Found a staircase to the Shoals.
 16395 | Lair:3   | Reached **** piety under Dithmenos
 17037 | Lair:3   | Killed a death yak
 17802 | Lair:3   | Killed a death yak
 17869 | Lair:3   | Killed a death yak
 18129 | Lair:3   | Reached XP level 13. HP: 65/65 MP: 25/27
 18854 | Lair:4   | Found a hole to the Spider Nest.
 19162 | Lair:4   | Reached skill level 13 in Hexes
 19634 | Lair:4   | Reached skill level 5 in Conjurations
 20361 | Lair:5   | Noticed Rupert
 20666 | Lair:5   | Reached ***** piety under Dithmenos
 20993 | Lair:5   | Paralysed by Rupert for 7 turns
 20998 | Lair:5   | Mangled by Rupert

Vault maps used:
D:1:      lightli_arrival_flooded_house, minmay_misc_feat_four_crosses
D:2:      old_standard_altar, nicolae_ru_great_annihilating_truth, minivault_19
D:3:      first_bread
D:4:      kennysheep_mini, vehumet_altar_wand_db
D:5:      old_standard_altar, uniq_grinder
D:6:      minmay_temple_entry_junction, serial_undead, serial_undead_a,
          serial_undead_b, serial_undead_c, serial_undead_f, serial_undead_a,
          serial_undead_d, serial_undead_f, uniq_prince_ribbit1
D:7:      lemuel_round_altar, kennysheep_mini_moat
D:8:      yredelemnul_altar_generic, lair_0_dummy, st_stairs_13,
          grunt_ogre_cave, zaba_anthell
D:9:      zin_scriptorium, nicolae_dithmenos_through_a_glass_darkly,
          kennysheep_orc_monster_closet_entryway
D:10:     uniq_erolcha
Temple:   oiseaux_autumnal_temple_12
Lair:1:   lab_entry_generic, minmay_lair_oklob_bushes
Lair:3:   minmay_shoals_entry_centaurs, disabler_island
Lair:4:   nicolae_spider_entry_tight_spaces
Lair:5:   roderic_carrion_pond, grunt_megastairs_3, uniq_rupert
Lab:      nicolae_lab_stuck, nicolae_lab_grate_2, nicolae_lab_swirl,
          nicolae_lab_grate, nicolae_lab_checkerboard, labyrinth_fake_exit,
          lab_fountain, nicolae_lab_blocks, lab_block, nicolae_lab_arrow,
          nicolae_lab_statue, nicolae_lab_do_over

Skill      XL: |  1  2  3  4  5  6  7  8  9 10 11 12 13 |
---------------+----------------------------------------+-----
Hexes          | 4 5 6 7 9 10 11 12 13 | 13.2
Fighting       | 1 2 3 4 5 6 |  6.5
Spellcasting   | 3 4 5 6 7 8 9 |  9.6
Short Blades   | 2 3 4 5 6 7 8 |  8.6
Stealth        | 5 6 7 8 10 11 12 | 12.6
Dodging        | 4 5 7 8 9 10 | 10.8
Conjurations   | 1 2 3 4 5 |  5.1
Ice Magic      | 1 2 3 4 5 |  5.6
Air Magic      | 2 3 |  3.3
Invocations    | 2 3 |  3.6

Action                   |  1- 3 |  4- 6 |  7- 9 | 10-12 | 13-15 || total
-------------------------+-------+-------+-------+-------+-------++-------
Melee: Dagger            |    77 |   246 |   487 |   877 |   201 ||  1888
 Cast: Corona            |     3 |       |     1 |       |       ||     4
       Ensorcelled Hiber |     6 |    25 |    37 |    76 |    22 ||   166
       Confuse           |     4 |    24 |    78 |   106 |    19 ||   231
       Dazzling Spray    |       |       |     5 |    81 |    38 ||   124
       Tukima's Dance    |       |       |       |     6 |       ||     6
Evoke: Wand              |       |       |       |       |     1 ||     1
  Use: Scroll            |       |       |    15 |     7 |     4 ||    26
 Stab: Sleeping          |    18 |    33 |    39 |    95 |    24 ||   209
       Confused          |     1 |    11 |    39 |    67 |    11 ||   129
       Distracted        |       |     2 |       |     6 |       ||     8
       Invisible         |       |       |     1 |    13 |    11 ||    25
  Eat: Bread ration      |       |     1 |     1 |     2 |     1 ||     5
Armor: Robe              |    14 |    15 |    23 |    11 |     3 ||    66
Dodge: Dodged            |    63 |   158 |   290 |   475 |   147 ||  1133
